 Dungeon Crawl Stone Soup version 0.31-a0-233-g139696dc86 (webtiles) character file.

Game seed: 822301811411853438

11129 reriks the Protected (level 11, -1/72 HPs)
             Began as a Gargoyle Fighter on July 9, 2023.
             Was a Priest of Qazlal.
             Slain by Snorg (16 damage)
             ... on level 10 of the Dungeon.
             The game lasted 00:19:46 (10057 turns).

reriks the Protected (Gargoyle Fighter)            Turns: 10057, Time: 00:19:46

Health: -1/72      AC: 39    Str: 20    XL:     11   Next: 72%
Magic:  14/14      EV:  5    Int:  9    God:    Qazlal [***...]
Gold:   115        SH: 11    Dex: 19    Spells: 10/10 levels left

rFire   . . .        q - +8 broad axe
rCold   . . .        c - +0 buckler
rNeg    + . .        f - +4 crystal plate armour
rPois   ∞            y - +0 helmet
rElec   +            (no cloak)
rCorr   .            (no gloves)
SInv    .            (no boots)
Will    .....        (no amulet) Stlth
                     j - +6 ring of dexterity
HPRegen 0.32/turn    v - +4 ring of protection
MPRegen 0.14/turn

%: no passive effects
@: hasted, very quick
A: sickness immunity, AC +8, negative energy resistance 1, electricity
resistance, torment resistance 1, petrification resistance
a: Renounce Religion, Upheaval, Elemental Force


You were on level 10 of the Dungeon.
You worshipped Qazlal.
Qazlal was most pleased with you.
You visited 1 branch of the dungeon, and saw 11 of its levels.
You also visited: Bailey.

You collected 619 gold pieces.
You spent 504 gold pieces at shops.

Inventory:

Hand Weapons
 a - a +3 war axe
 i - a +0 scimitar of flaming
 q - a +8 broad axe (weapon)
Missiles
 A - 9 boomerangs (quivered)
Armour
 b - a +0 scale mail
 c - a +0 buckler (worn)
 f - a +4 crystal plate armour (worn)
 y - a +0 helmet (worn)
Jewellery
 j - a +6 ring of dexterity (left hand)
 u - a ring of flight
 v - a +4 ring of protection (right hand)
Wands
 k - a wand of charming (8)
 r - a wand of iceblast (25)
 w - a wand of flame (22)
Scrolls
 d - 2 scrolls of poison
 e - 3 scrolls of fog
 g - 5 scrolls of teleportation
 l - 2 scrolls of fear
Potions
 h - 2 potions of might
 m - 3 potions of curing
 n - a potion of enlightenment
 o - a potion of lignification
 p - a potion of attraction
 s - 2 potions of brilliance
 t - 2 potions of mutation
 x - a potion of berserk rage
 z - a potion of magic
 B - 4 potions of haste
 D - a potion of cancellation


   Skills:
 + Level 9.7 Fighting
 + Level 7.4 Axes
 * Level 12.1 Armour
 + Level 3.0 Dodging
 + Level 9.2 Shields
 + Level 4.0 Invocations


You had 10 spell levels left.
You didn't know any spells.
Your spell library contained the following spells:

 Spells                   Type           Power      Damage    Failure   Level
 Summon Small Mammal      Summ           0%         N/A       100%        1
 Blink                    Tloc           0%         N/A       100%        2
 Ensorcelled Hibernation  Hex/Ice        0%         N/A       100%        2
 Call Canine Familiar     Summ           0%         N/A       100%        3
 Frozen Ramparts          Ice            0%         1d1       100%        3
 Portal Projectile        Hex/Tloc       0%         N/A       100%        3
 Spider Form              Tmut/Pois      0%         N/A       100%        3
 Summon Guardian Golem    Hex/Summ       0%         N/A       100%        3
 Anguish                  Hex/Necr       0%         N/A       100%        4
 Animate Dead             Necr           0%         N/A       100%        4
 Ice Form                 Ice/Tmut       0%         N/A       100%        4
 Leda's Liquefaction      Hex/Erth       0%         N/A       100%        4
 Manifold Assault         Tloc           0%         N/A       100%        4
 Olgreb's Toxic Radiance  Pois           0%         N/A       100%        4
 Summon Ice Beast         Ice/Summ       0%         N/A       100%        4
 Borgnjor's Vile Clutch   Necr/Erth      0%         N/A       100%        5
 Death Channel            Necr           0%         N/A       100%        6
 Storm Form               Tmut/Air       0%         N/A       100%        7
 Discord                  Hex            0%         N/A       100%        8
 Ignition                 Fire           0%         3d3       100%        8


Dungeon Overview and Level Annotations

Branches:
Dungeon (11/15)            Temple (0/1) D:6            Lair (0/5) D:10
 Bailey (visited)
    Orc: D:9-12

Altars:
Ashenzari
Cheibriados
Fedhas
Hepliaklqana
Makhleb
Nemelex Xobeh
Qazlal
Ru
Sif Muna
Trog
Wu Jian
Yredelemnul

Shops:
D:7 [   D:9 =

Annotations:
D:10 Snorg


Innate Abilities, Weirdness & Mutations

You are immune to sickness and miasma.
Your stone body is resilient. (AC +8)
You are immune to poison.
You resist negative energy. (rN+)
You are resistant to electric shocks. (rElec)
You are resistant to unholy torment.
You are immune to petrification.


Message History

Snorg is engulfed in freezing vapours.
You block Snorg's attack. Snorg claws you!
* * * LOW HITPOINT WARNING * * *
You block Snorg's attack.
You slash the two-headed ogre!
The two-headed ogre is severely wounded.
You barely miss Snorg.
Snorg is engulfed in freezing vapours.
Snorg bites you but does no damage. Snorg claws you but does no damage. x2
The two-headed ogre hits you but does no damage. x2
You hit the two-headed ogre.
The two-headed ogre is severely wounded.
You slash Snorg!
Snorg is engulfed in freezing vapours.
Snorg barely misses you. Snorg claws you but does no damage. x2
Snorg is engulfed in freezing vapours.
You block Snorg's attack. x2
Snorg claws you but does no damage.
Okay, then.
Okay, then.
You feel much better.
Snorg is engulfed in freezing vapours.
Snorg bites you but does no damage. Snorg claws you but does no damage. x2
The two-headed ogre barely misses you. You block the two-headed ogre's attack.
Snorg is engulfed in freezing vapours.
You block Snorg's attack. x2
Snorg claws you but does no damage.
You feel yourself speed up. Snorg barely misses you.
Snorg claws you but does no damage. x2
The two-headed ogre hits you with a +0 giant club.
You block the two-headed ogre's attack.
You closely miss Snorg.
Snorg is severely wounded.
You slash the two-headed ogre! Snorg bites you! Snorg claws you.
* * * LOW HITPOINT WARNING * * *
You block Snorg's attack. x2; Snorg barely misses you. x2
Snorg attacks as you move away! You block Snorg's attack.
Snorg claws you but does no damage. Snorg claws you!
* * * LOW HITPOINT WARNING * * *
The two-headed ogre barely misses you. You block the two-headed ogre's attack.
Snorg is engulfed in blazing flames.
Snorg attacks as you move away! Snorg bites you but does no damage.
Snorg barely misses you. x2
Snorg attacks as you move away! You block Snorg's attack. Snorg claws you!
You die...

##>..#####.........#.......
####...#...###..######.....
#....#...### #[.....##.....
#....##..#####.............
#....##.........##..###....
#....##.........###.# #...#
#...........§.>.###.# #...#
#....###.....○......###.#..
#.........@TO....####...#..
#................###.......
#######.....<..........##........
...........##......###...........
........#########................
......### #..####...........
......# ###.###...##........
.....## #...###.####........
.....# #...#...# #........


You could see Snorg (berserk) and a two-headed ogre.

Vanquished Creatures
  Josephine (D:11)
  Erica (D:8)
  An orc knight (Bailey)
  A manticore (D:11)
  Maurice (D:10)
  An unseen horror zombie (D:8)
  Maggie (D:6)
  A komodo dragon (D:10)
  A troll (D:9)
  A hornet (D:9)
  Grinder (D:4)
  2 shadows
  7 wraiths
  Grum (D:9)
  3 steam dragons
  6 yaks (D:10)
  Edmund (D:6)
  An acid dragon (D:10)
  Duvessa (D:7)
  A water moccasin (D:7)
  4 black bears
  2 ice beasts
  10 orc warriors
  2 sky beasts
  3 wolves (D:9)
  2 ogres (D:5)
  3 centaurs
  2 kobold brigands
  4 bullfrogs
  4 necrophages (D:8)
  4 scorpions
  5 wights (D:6)
  Dowan (D:7)
  3 howler monkeys
  3 centaur zombies (D:8)
  3 orc priests
  A gnoll bouda (D:5)
  An iguana (D:7)
  4 orc wizards (D:8)
  A killer bee zombie (D:8)
  11 gnolls
  4 adders
  2 shadow imps
  A white imp (D:7)
  3 worms (D:4)
  A dart slug (D:3)
  40 orcs
  2 bats
  12 endoplasms
  2 giant cockroaches (D:3)
  12 goblins
  6 hobgoblins
  7 jackals (D:4)
  12 kobolds
  5 quokkas
  5 ball pythons
  3 frilled lizards
  6 rats
230 creatures vanquished.

Vanquished Creatures (others)
  A kobold (D:8)
1 creature vanquished.

Grand Total: 231 creatures vanquished

Notes
Turn   | Place    | Note
-------+----------+-------------------------------------------
     0 | D:1      | reriks the Gargoyle Fighter began the quest for the Orb.
     0 | D:1      | Reached XP level 1. HP: 14/14 MP: 1/1
   293 | D:1      | Reached XP level 2. HP: 19/19 MP: 2/2
   670 | D:2      | Reached XP level 3. HP: 24/24 MP: 3/3
  1348 | D:3      | Reached XP level 4. HP: 28/29 MP: 4/4
  1520 | D:3      | Found a broken altar of Ashenzari.
  1677 | D:3      | HP: 1/29 [gnoll/+0 spear of distortion (19)]
  1818 | D:3      | Noticed an ice beast
  2081 | D:4      | Noticed Grinder
  2092 | D:4      | Paralysed by Grinder for 4 turns
  2100 | D:4      | Killed Grinder
  2101 | D:4      | Reached skill level 5 in Fighting
  2101 | D:4      | Reached skill level 4 in Armour
  2101 | D:4      | Reached XP level 5. HP: 35/35 MP: 5/5
  2101 | D:4      | Reached XP level 6. HP: 40/40 MP: 6/6
  2732 | D:5      | Entered Level 5 of the Dungeon
  2748 | D:5      | Noticed an ice beast
  2834 | D:5      | Reached skill level 5 in Armour
  2834 | D:5      | Reached XP level 7. HP: 41/44 MP: 7/7
  3058 | D:5      | Reached skill level 5 in Shields
  3298 | D:5      | Reached skill level 6 in Armour
  3327 | D:5      | Found a sparkling altar of Nemelex Xobeh.
  3401 | D:5      | Reached XP level 8. HP: 38/51 MP: 8/8
  3598 | D:5      | Found a shimmering blue altar of Sif Muna.
  3604 | D:5      | Found a basalt altar of Yredelemnul.
  3611 | D:5      | Found a burning altar of Makhleb.
  3613 | D:5      | Found a stormy altar of Qazlal.
  3618 | D:5      | Became a worshipper of Qazlal Stormbringer
  3667 | D:5      | Found an ornate altar of the Wu Jian Council.
  4276 | D:6      | Noticed Edmund
  4288 | D:6      | Killed Edmund
  4289 | D:6      | Reached skill level 7 in Armour
  4420 | D:6      | Identified the +3 ring mail of Wilillung {Stlth+}
  4565 | D:6      | Found a hazy altar of Hepliaklqana.
  4714 | D:6      | Noticed Maggie
  4730 | D:6      | Killed Maggie
  4731 | D:6      | Reached XP level 9. HP: 20/57 MP: 9/9
  4873 | D:6      | Reached skill level 8 in Armour
  4877 | D:6      | Reached skill level 5 in Axes
  5029 | D:6      | Found a staircase to the Ecumenical Temple.
  5286 | D:7      | Found a snail-covered altar of Cheibriados.
  5323 | D:7      | Found Uhohor's Antique Armour Emporium.
  5500 | D:7      | Reached * piety under Qazlal
  5530 | D:7      | Found a sacrificial altar of Ru.
  5534 | D:7      | Noticed Duvessa
  5548 | D:7      | Killed Duvessa
  5550 | D:7      | Noticed Dowan
  5559 | D:7      | Killed Dowan
  5724 | D:7      | Reached skill level 9 in Armour
  5974 | D:8      | Noticed Erica
  6007 | D:8      | Killed Erica
  6045 | D:8      | Reached XP level 10. HP: 58/64 MP: 10/10
  6225 | D:8      | Reached skill level 10 in Armour
  6606 | D:8      | Reached ** piety under Qazlal
  6776 | D:8      | Found a blossoming altar of Fedhas.
  7101 | D:9      | Found Gusuqibbe's Jewellery Emporium.
  7283 | D:9      | Noticed Grum
  7489 | D:9      | Killed Grum
  7629 | D:9      | Reached skill level 1 in Invocations
  7784 | D:9      | Reached skill level 1 in Dodging
  8280 | D:10     | Entered Level 10 of the Dungeon
  8305 | D:9      | Reached skill level 11 in Armour
  8347 | D:10     | Found a flagged portal.
  8359 | Bailey   | Entered a bailey
  8542 | Bailey   | Reached XP level 11. HP: 58/71 MP: 12/12
  8622 | Bailey   | Noticed an orc knight
  8636 | Bailey   | Reached *** piety under Qazlal
  8647 | Bailey   | Killed an orc knight
  8886 | D:10     | Found a bloodstained altar of Trog.
  9078 | D:10     | Found a staircase to the Lair.
  9223 | D:9      | Bought a +4 ring of protection for 504 gold pieces
  9471 | D:11     | Noticed Maurice
  9472 | D:11     | Noticed Snorg
  9473 | D:11     | Noticed Josephine
  9474 | D:11     | Noticed a boulder beetle
  9489 | D:10     | Killed Maurice
  9626 | D:11     | Killed Josephine
  9627 | D:11     | Reached skill level 12 in Armour
  9633 | D:11     | Noticed a manticore
 10009 | D:11     | Killed a manticore
 10029 | D:11     | Noticed a two-headed ogre
 10057 | D:10     | Slain by Snorg

Illustrated notes

Levels and vault maps discovered:
D:1:      minmay_arrival_split_and_join, layout_basic
D:2:      layout_loops_ring, minmay_pentomino_o4
D:3:      layout_basic, evilmike_ruin_ashenzari, reono_crystal_passage,
          uniq_sigmund
D:4:      layout_loops_ring, uniq_grinder
D:5:      layout_basic, nemelex_dance_club_becter, nzn_wu_jian_contemplation,
          nicolae_overflow_macrodata_refinement, dk_vineyard_2
D:6:      layout_basic, kennysheep_mini, minmay_temple_entry_glass, uniq_maggie,
          uniq_edmund
D:7:      layout_cave_pools, mainiacjoe_overflow_six_doors_small,
          mainiacjoe_overflow_catwalk, serial_shops, shop,
          palyth_stone_intersect, minmay_misc_feat_columns,
          minmay_misc_feat_alley, uniq_duvessa
D:8:      layout_basic, fedhas_altar_decomposition, hangedman_decor_peaks_small,
          hangedman_abyss_or_decor_passed, uniq_erica
D:9:      layout_loops_ring, serial_shops, nicolae_stop_n_shop_2, uniq_grum
D:10:     layout_rooms, bloody_trog, grunt_lair_entry_orc_guard_hut,
          enter_bailey_3
D:11:     layout_cross, orc_0_dummy, uniq_snorg, uniq_josephine, uniq_maurice

Skill      XL: |  1  2  3  4  5  6  7  8  9 10 11 |
---------------+----------------------------------+-----
Axes           | 2 3 4 5 6 7 |  7.4
Fighting       | 4 5 6 7 8 9 |  9.7
Armour         | 4 5 6 7 9 11 12 | 12.1
Shields        | 4 5 6 7 8 9 |  9.2
Invocations    | 2 4 |  4.0
Dodging        | 1 3 |  3.0

Action                     |  1- 3 |  4- 6 |  7- 9 | 10-12 || total
---------------------------+-------+-------+-------+-------++-------
  Melee: War axe           |   120 |   108 |   256 |   290 ||   774
         Broad axe         |       |       |       |    85 ||    85
  Throw: Boomerang         |       |       |       |     3 ||     3
  Evoke: Wand              |       |       |       |     5 ||     5
    Use: Scroll            |       |    11 |     2 |    20 ||    33
         Potion            |       |     2 |     2 |     4 ||     8
 Armour: Scale mail        |    55 |    15 |       |       ||    70
         Crystal plate arm |       |    72 |   239 |   394 ||   705
         Skin              |       |       |       |     8 ||     8
  Dodge: Dodged            |    67 |    15 |    35 |    87 ||   204
  Block: Buckler           |    20 |    23 |    67 |   259 ||   369

Table legend: (Time is in decaauts)
 A = Elapsed time spent in this place.
 B = Non-inter-level travel time spent in this place.
 C = Inter-level travel time spent in this place.
 D = Time resting spent in this place.
 E = Time spent auto-exploring this place.
 F = Levels seen in this place.
 G = Mean time per level.
                   A        B        C        D        E       F      G
               +--------+--------+--------+--------+--------+-----+--------+
         Total |  10363 |   9515 |    848 |   2547 |   4613 |  12 |  863.6 |
       Dungeon |   9831 |   8983 |    848 |   2255 |   4541 |  11 |  893.7 |
        Bailey |    531 |    531 |      0 |    292 |     72 |   1 |  531.0 |
               +--------+--------+--------+--------+--------+-----+--------+

Top non-repeatable levels by time:
     D:5: 1461 daAuts
     D:8: 1359 daAuts
     D:6: 1086 daAuts
     D:9: 1076 daAuts
     D:4: 961 daAuts
     D:2: 875 daAuts
    D:10: 822 daAuts
     D:7: 778 daAuts
     D:3: 653 daAuts
     D:1: 624 daAuts
  Bailey: 531 daAuts
    D:11: 133 daAuts
